 Dungeon Crawl Stone Soup version 0.25.1-8-g42b30a86e7 (webtiles) character file.

Game seed: 1850579995093377294

105 puppyhush the Stinger (level 4, 0/27 HPs)
             Began as a Demonspawn Venom Mage on Dec 12, 2020.
             Was an Initiate of Hepliaklqana.
             Slain by a scorpion (5 damage)
             ... on level 4 of the Dungeon on Dec 13, 2020.
             The game lasted 00:28:22 (4073 turns).

puppyhush the Stinger (Demonspawn Venom Mage)       Turns: 4073, Time: 00:28:22

Health: 0/27       AC:  4    Str:  9    XL:     4   Next: 54%
Magic:  8/8        EV:  9    Int: 17    God:    Hepliaklqana [......]
Gold:   117        SH:  6    Dex: 13    Spells: 7/8 levels left

rFire    . . .     SeeInvis .   g - -2 hand axe (curse)
rCold    . . .     Gourm    .   e - +0 kite shield
rNeg     . . .     Faith    .   k - +0 robe
rPois    .         Spirit   .   (no helmet)
rElec    .         Reflect  .   (no cloak)
rCorr    .         Harm     .   (no gloves)
MR       .....                  (no boots)
Stlth    ++........             (no amulet)
HPRegen  0.09/turn              (no ring)
MPRegen  0.11/turn              (no ring)

@: no status effects
A: reduced essence, hooves 2, yellow scales 1
a: Recall Ancestor, Ancestor Identity, Renounce Religion


You were on level 4 of the Dungeon.
You worshipped Hepliaklqana.
Hepliaklqana was noncommittal.
You were not hungry.

You visited 1 branch of the dungeon, and saw 4 of its levels.

You collected 117 gold pieces.

Inventory:

Hand Weapons
 g - a cursed -2 hand axe (weapon)
 l - a +0 mace
 o - a +4 dagger
Missiles
 b - 36 bolts (quivered)
 q - 86 stones
 s - 5 atropa-tipped darts
 y - 16 arrows
Armour
 a - a +0 robe
 e - a +0 kite shield (worn)
 i - a +0 leather armour
 j - a +0 scale mail
 k - a +0 robe (worn)
 p - a +0 leather armour
 t - a +0 kite shield
 w - a +0 animal skin
 z - a +0 leather armour
 A - a +0 leather armour
 B - a +1 helmet
Jewellery
 h - an uncursed ring of protection from fire {unknown}
Wands
 u - a wand of digging (4)
Scrolls
 x - a scroll of teleportation
Potions
 d - 3 potions of curing
 f - a potion of flight {unknown}
 m - 2 potions of lignification {unknown}
 n - a potion of resistance {unknown}
 r - a potion of cancellation {unknown}
Comestibles
 c - 8 rations
 v - 2 chunks of flesh


   Skills:
 + Level 2.2 Dodging
 + Level 2.4 Stealth
 * Level 2.7 Spellcasting
 + Level 1.6 Transmutations
 * Level 3.9 Poison Magic


You had 7 spell levels left.
You knew the following spells:

 Your Spells              Type           Power        Failure   Level  Hunger
a - Sting                 Tmut/Pois      ##..         38%         1    #......

Your spell library contained the following spells:

 Spells                   Type           Power        Failure   Level  Hunger
 Poisonous Vapours        Pois/Air       #.....       65%         2    ##.....
 Ignite Poison            Fire/Tmut/Pois #.......     87%         3    ###....
 Mephitic Cloud           Conj/Pois/Air  #.......     92%         3    ###....
 Olgreb's Toxic Radiance  Pois           ###.....     94%         4    #####..


Dungeon Overview and Level Annotations

Branches:
Dungeon (3/15)

Altars:
Gozag
Hepliaklqana
Kikubaaqudgha
Nemelex Xobeh
Trog


Innate Abilities, Weirdness & Mutations

You have hoof-like feet.
You are partially covered in yellow scales. (AC +2)
Your life essence is reduced to manifest your ancestor. (-10% HP)


Message History

You start resting.
* * * LOW HITPOINT WARNING * * *
You feel sick.
You start resting.
Your magical contamination has completely faded away.
You start resting.
You feel sick. x2
Magic restored.
You start resting.
You feel sick.
You are no longer poisoned.
You start resting.
A scorpion comes into view.
A scorpion is nearby!
A scorpion is nearby!
A scorpion is nearby!
A scorpion is nearby!
Found 12 gold pieces.
The scorpion stings you but does no damage.
The scorpion stings you.
You die...

#### #..## #...###
#.....# ##....#
#######..[### .
#.....#...###..
##...s...........
##...@............
........##..........
#...................
#....##...##........
##... ##..#$........
#... #..#.....###..
#... ....##..#.# #..
..#..# ..#.. .####(
.. ..


You could see a scorpion.

Vanquished Creatures
  A worker ant (D:4)
  Robin (D:3)
  An adder (D:2)
  An ooze (D:3)
  2 leopard geckos
  4 bats (D:1)
  3 giant cockroaches (D:1)
  15 goblins
  7 hobgoblins
  5 kobolds (D:1)
  A ball python (D:1)
  3 frilled lizards (D:2)
  7 rats
51 creatures vanquished.

Vanquished Creatures (collateral kills)
  3 goblins
  2 hobgoblins (D:3)
  A kobold (D:2)
6 creatures vanquished.

Vanquished Creatures (others)
  A worker ant (D:4)
  2 worms (D:4)
3 creatures vanquished.

Grand Total: 60 creatures vanquished

Notes
Turn   | Place    | Note
-------+----------+-------------------------------------------
     0 | D:1      | puppyhush the Demonspawn Venom Mage began the quest for the
                  | Orb.
     0 | D:1      | Reached XP level 1. HP: 13/13 MP: 3/3
   163 | D:1      | Reached skill level 1 in Transmutations
   515 | D:1      | Gained mutation: You have large cloven feet. [demonic
                  | ancestry]
   515 | D:1      | Reached XP level 2. HP: 17/19 MP: 0/5
  2155 | D:1      | Gained mutation: You are partially covered in yellow
                  | scales. (AC +2) [demonic ancestry]
  2155 | D:1      | Reached XP level 3. HP: 12/24 MP: 3/6
  3189 | D:2      | Found an ancient bone altar of Kikubaaqudgha.
  3191 | D:2      | Found a bloodstained altar of Trog.
  3191 | D:2      | Found a sparkling altar of Nemelex Xobeh.
  3192 | D:2      | Found a hazy altar of Hepliaklqana.
  3242 | D:2      | Became a worshipper of Hepliaklqana the Forgotten
  3369 | D:2      | Found an opulent altar of Gozag.
  3573 | D:3      | Noticed Robin
  3599 | D:3      | Killed Robin
  3600 | D:3      | Gained mutation: You have hoof-like feet. [demonic
                  | ancestry]
  3600 | D:3      | Reached XP level 4. HP: 27/27 MP: 3/7
  4001 | D:3      | You fall into a shaft and drop 1 floor!
  4073 | D:4      | Slain by a scorpion

Illustrated notes

Levels and vault maps discovered:
D:1:      heliophobic_arrival_dark_side_of_the_moon, layout_basic
D:2:      layout_rooms, grunt_gozag_statues,
          chequers_temple_overflow_statue_of_worship, first_ration
D:3:      layout_rooms, chequers_ecumenical_altar_grove, uniq_robin,
          uniq_terence, uniq_natasha
D:4:      layout_cave_pools, serial_shops, shop, xom_confusion_cloud,
          uniq_duvessa, uniq_pikel, uniq_eustachio, uniq_edmund

Skill      XL: |  1  2 |
---------------+-------+-----
Transmutations | 1 |  1.6
Stealth        | 2 |  2.4
Dodging        | 2 |  2.2
Spellcasting   | |  2.7
Poison Magic   | |  3.9

Action                   |  1- 3 |  4- 6 || total
-------------------------+-------+-------++-------
Melee: Unarmed           |    14 |       ||    14
       Club              |     5 |       ||     5
       Hand axe          |   137 |    31 ||   168
       Kick              |    20 |     7 ||    27
 Cast: Sting             |    23 |     1 ||    24
  Use: Scroll            |     5 |       ||     5
 Stab: Sleeping          |     2 |     2 ||     4
       Distracted        |     1 |       ||     1
  Eat: Chunk             |     9 |     2 ||    11
Armor: Robe              |    60 |     9 ||    69
Dodge: Dodged            |    90 |    22 ||   112
Block: Kite shield       |    62 |     8 ||    70
